 Seeded DCSS version 0.30-a0-341-g682706514a (webtiles) character file.

Game seed: 7130546335830651708 (custom seed)

203 purpskrrrp the Ducker (level 6, -2/40 HPs)
             Began as a Djinni Fire Elementalist on Nov 5, 2022.
             Slain by Menkaure (15 damage)
             ... on level 4 of the Dungeon.
             The game lasted 00:06:01 (2314 turns).

purpskrrrp the Ducker (Djinni Fire Elementalist)    Turns: 2314, Time: 00:06:02

Health: -2/40      AC:  3    Str:  7    XL:     6   Next: 8%
Gold:   97         EV: 14    Int: 19    God:
                   SH:  0    Dex: 19

rFire   + + .      SeeInvis .    c - +0 whip (flame)
rCold   x . .      Faith    .    (no shield)
rNeg    . . .      Spirit   .    a - +0 robe
rPois   ∞          Reflect  .    (no helmet)
rElec   .          Harm     .    (no cloak)
rCorr   .          Rampage  .    p - +0 pair of gloves
Will    .....                    (boots unavailable)
Stlth   +++.......               (no amulet)
HPRegen 0.26/turn                f - +6 ring of dexterity
MPRegen 0.00/turn                (no ring)

@: flying, very slightly contaminated
A: sickness immunity, fire resistance 2, cold vulnerability 1, float, innate
caster, HP casting, extra vitality 1
a: no special abilities


You were on level 4 of the Dungeon.
You visited 1 branch of the dungeon, and saw 4 of its levels.

You collected 107 gold pieces.
You donated 10 gold pieces to Zin.

Inventory:

Hand Weapons
 c - a +0 whip of flaming (weapon)
Missiles
 i - 3 throwing nets
Armour
 a - a +0 robe (worn)
 p - a +0 pair of gloves (worn)
Jewellery
 f - a +6 ring of dexterity (left hand)
Scrolls
 e - a scroll of acquirement {unknown}
 k - 3 scrolls of identify {unknown}
 l - a scroll of enchant weapon {unknown}
 m - a scroll of noise {unknown}
 o - 2 scrolls of butterflies {unknown}
Potions
 b - 3 potions of might {unknown}
 d - a potion of heal wounds {unknown}
 g - a potion of brilliance {unknown}
 h - a potion of degeneration {unknown}
 j - a potion of ambrosia {unknown}
 n - a potion of flight {unknown}
 q - a potion of invisibility {unknown}
 r - a potion of cancellation {unknown}
 s - a potion of haste {unknown}


   Skills:
 + Level 4.1 Dodging
 + Level 3.2 Stealth
 + Level 3.4 Spellcasting


You couldn't memorise any spells.
You knew the following spells:

 Your Spells              Type           Power      Damage    Failure   Level
a - Foxfire               Conj/Fire      64%        2x1d7     3%          1
b - Scorch                Fire           32%        2d7       5%          2
c - Kindle Blastsparks    Fire/Tloc/Air  32%        2d12      11%         3
d - Inner Flame           Hex/Fire       16%        N/A       11%         3
e - Flame Wave            Conj/Fire      16%        2d7       34%         4
f - Freeze                Ice            64%        1d7       3%          1
g - Poisonous Vapours     Pois/Air       32%        N/A       5%          2
Your spell library was empty.

Dungeon Overview and Level Annotations

Branches:
Dungeon (4/15)
 Temple: D:4-7

Altars:
Zin

Annotations:
D:4 Menkaure


Innate Abilities, Weirdness & Mutations

You are immune to sickness and miasma.
You are immune to poison.
Your flesh is very heat resistant. (rF++)
You are vulnerable to cold. (rC-)
You float through the air rather than walking.
You learn spells naturally, not from books.
Your magical power is your life essence.
You have superior vitality. (+4 MHP)


Message History

Aim: Menkaure (dormant, chance to affect: 69%) Menkaure shouts!
Menkaure struggles to resist.
A scorpion comes into view.
You conjure some foxfire!
You conjure some foxfire!
The foxfire hits the scorpion but does no damage.
You hit the scorpion. You burn the scorpion.
The scorpion is heavily wounded.
The foxfire hits the scorpion.
The scorpion is severely wounded.
The scorpion stings you.
Menkaure mumbles some strange words.
Menkaure seems to speed up.
Casting: Foxfire (safe; 4% risk of failure)
Confirm with . or Enter, or press ? or * to list all spells.
The spell is quite dangerous to miscast (12% risk of failure)!
Continue anyway?
A cloud of volatile blastsparks flares up around you!
The scorpion closely misses you.
Your foxfire dissipates!
The cloud of blastsparks explodes!
The concussive blast engulfs the scorpion!!
You kill the scorpion!
The concussive blast engulfs you. You resist.
You hear a shout!
You hear an angry growl.
Your Dodging skill increases to level 4!
You have reached level 6!
Casting: Kindle Blastsparks (dangerous; 11% risk of failure)
Confirm with . or Enter, or press ? or * to list all spells.
You miscast Scorch.
You are very lightly contaminated with residual magic.
Nothing appears to happen.
Casting: Scorch (safe; 5% risk of failure)
Confirm with . or Enter, or press ? or * to list all spells.
Flames lash Menkaure.
Menkaure is burned terribly!
Menkaure is heavily damaged.
Menkaure's fire resistance burns away.
Menkaure calls on the powers of darkness!
Your body is wracked with pain!
Menkaure hits you!
You die...

.. ... ..# ... #.#
#..# #..###
#.M@######
###....).#########
##........:.....
####.......#
####...#####
#<###...#
#.###.#.#
#...#.#.#
###.#.#.#


You could see Menkaure (fast, combustible).

Vanquished Creatures
  A scorpion (D:4)
  A hound (D:3)
  3 gnolls (D:2)
  5 adders
  A dart slug (D:2)
  An orc (D:4)
  A bat (D:3)
  7 endoplasms
  2 giant cockroaches
  6 hobgoblins
  4 ball pythons
  A frilled lizard (D:2)
  3 goblins
  5 kobolds
  2 rats
43 creatures vanquished.

Vanquished Creatures (others)
  166 foxfires
  A fungus (D:3)
  A plant (D:4)
  4 toadstools (D:4)
172 creatures vanquished.

Grand Total: 215 creatures vanquished

Notes
Turn   | Place    | Note
-------+----------+-------------------------------------------
     0 | D:1      | purpskrrrp the Djinni Fire Elementalist began the quest for
                  | the Orb.
     0 | D:1      | purpskrrrp set off with the following spells memorised:
                  | Foxfire, Scorch, Kindle Blastsparks, Inner Flame, Flame
                  | Wave.
     0 | D:1      | Reached XP level 1. HP: 15/15 MP: 0/0
   161 | D:1      | Reached XP level 2. HP: 15/21 MP: 0/0
   345 | D:1      | You are sucked into a shaft and drop 1 floor!
   573 | D:2      | Reached XP level 3. HP: 20/25 MP: 0/0
   573 | D:2      | Learned a level 1 spell: Freeze
   588 | D:2      | Reached skill level 3 in Dodging
   665 | D:2      | Reached XP level 4. HP: 25/31 MP: 0/0
  1503 | D:3      | Reached XP level 5. HP: 31/35 MP: 0/0
  1503 | D:3      | Learned a level 2 spell: Poisonous Vapours
  1833 | D:3      | Found a faded altar of an unknown god.
  1966 | D:3      | Prayed at the altar of an unknown god.
  1966 | D:3      | Became a worshipper of Zin the Law-Giver
  1966 | D:3      | Reached * piety under Zin
  1966 | D:3      | Reached ** piety under Zin
  2128 | D:3      | Fell from the grace of Zin
  2304 | D:4      | Noticed Menkaure
  2313 | D:4      | Reached skill level 4 in Dodging
  2313 | D:4      | Reached XP level 6. HP: 28/40 MP: 0/0
  2314 | D:4      | Slain by Menkaure

Illustrated notes

Levels and vault maps discovered:
D:1:      dpeg_arrival_refuge, layout_basic
D:2:      layout_basic
D:3:      layout_rooms, nicolae_vehumet_radiance,
          shapermc_ecumenical_altar_petra
D:4:      cheibrodos_fertilizer, layout_basic, nicolae_hepliaklqana_hazy_memory,
          grunt_temple_overflow_open, kennysheep_windowed_goal, uniq_menkaure,
          uniq_grinder

Skill      XL: |  1  2  3  4  5 |
---------------+----------------+-----
Stealth        | 2 3 |  3.2
Dodging        | 3 4 |  4.1
Spellcasting   | 3 |  3.4

Action                   |  1- 3 |  4- 6 || total
-------------------------+-------+-------++-------
Melee: Whip              |     2 |    13 ||    15
 Cast: Foxfire           |    50 |    59 ||   109
       Scorch            |     3 |     7 ||    10
       Inner Flame       |       |     1 ||     1
       Kindle Blastspark |       |     1 ||     1
Invok: Renounce Religion |       |     1 ||     1
  Use: Scroll            |     1 |       ||     1
Armor: Robe              |       |     1 ||     1
Dodge: Dodged            |     3 |     3 ||     6

Table legend: (Time is in decaauts)
 A = Elapsed time spent in this place.
 B = Non-inter-level travel time spent in this place.
 C = Inter-level travel time spent in this place.
 D = Time resting spent in this place.
 E = Time spent auto-exploring this place.
 F = Levels seen in this place.
 G = Mean time per level.
                   A        B        C        D        E       F      G
               +--------+--------+--------+--------+--------+-----+--------+
         Total |   2314 |   2173 |    141 |     49 |   1673 |   4 |  578.5 |
       Dungeon |   2314 |   2173 |    141 |     49 |   1673 |   4 |  578.5 |
               +--------+--------+--------+--------+--------+-----+--------+

Top non-repeatable levels by time:
     D:2: 1113 daAuts
     D:3: 789 daAuts
     D:1: 344 daAuts
     D:4: 67 daAuts
